 Dungeon Crawl Stone Soup version 0.23.2-33-g5129a83 (webtiles) character file.

Game seed: 3924369779743947226

220 frankcastle the Chopper (level 6, -4/47 HPs)
             Began as a Formicid Fighter on July 29, 2019.
             Killed from afar by Natasha (5 damage)
             ... with a magic dart
             ... on level 3 of the Dungeon.
             The game lasted 00:03:30 (2519 turns).

frankcastle the Chopper (Formicid Fighter)          Turns: 2519, Time: 00:03:31

Health: -4/47      AC:  6    Str: 22    XL:     6   Next: 18%
Magic:  6/6        EV:  8    Int:  8    God:
Gold:   121        SH:  9    Dex: 10    Spells: 5/5 levels left

rFire    . . .     SeeInvis +   a - +0 war axe
rCold    . . .     Gourm    .   c - +0 shield
rNeg     . . .     Faith    .   b - +0 scale mail
rPois    .         Spirit   .   (helmet unavailable)
rElec    .         Reflect  .   (no cloak)
rCorr    .         Harm     .   (no gloves)
MR       .....                  (no boots)
Stlth    ..........             (no amulet)
HPRegen  0.15/turn              (no ring)
MPRegen  0.10/turn              (no ring)

@: invisible
A: permanent stasis, dig shafts and tunnels, four strong arms, antennae 3
a: Dig, Shaft Self


You were on level 3 of the Dungeon.
You were hungry.

You visited 1 branch of the dungeon, and saw 3 of its levels.

You collected 121 gold pieces.

Inventory:

Hand Weapons
 a - a +0 war axe (weapon)
Missiles
 n - 26 bolts
Armour
 b - a +0 scale mail (worn)
 c - a +0 shield (worn)
Scrolls
 e - a scroll of amnesia {unknown}
 h - a scroll of remove curse {unknown}
 i - a scroll of teleportation {unknown}
 m - 2 scrolls of identify {unknown}
 o - a scroll of fear {unknown}
 p - a scroll of noise {unknown}
Potions
 d - 2 potions of might
 g - a potion of curing {unknown}
 j - 2 potions of berserk rage {unknown}
 k - a potion of resistance {unknown}
 l - a potion of invisibility
Comestibles
 f - 6 rations


   Skills:
 - Level 3.2 Fighting
 * Level 5.3 Axes
 - Level 3.2 Armour
 * Level 2.1 Dodging
 - Level 3.6 Shields


You had 5 spell levels left.
You didn't know any spells.
Your spell library was empty.

Dungeon Overview and Level Annotations

Branches:
Dungeon (3/15)

Altars:
Qazlal

Annotations:
D:3 Natasha


Innate Abilities, Weirdness & Mutations

You cannot be hasted, slowed, berserked, paralysed or teleported.
You can dig through walls and to a lower floor.
Your four strong arms can wield two-handed weapons with a shield.
You have a pair of large antennae on your head. (SInv)


Message History

You hit Natasha. The white imp gestures at you. The puff of frost hits you!
* * * LOW HITPOINT WARNING * * *
Natasha zaps a wand.
The puff of flame hits you.
* * * LOW HITPOINT WARNING * * *
You closely miss Natasha.
Natasha is moderately wounded.
You hit the white imp.
The white imp hits you but does no damage.
Natasha zaps a wand.
The puff of flame hits you!
* * * LOW HITPOINT WARNING * * *
The now-empty wand crumbles to dust.
The white imp summons a swarm of flies.
You block the white imp's attack.
It was a potion of invisibility.
You fade into invisibility!
Natasha stares at you and mumbles some strange words.
The magic dart hits you.
You die...

....#........###########
...####.#..............#
...# #..###...........#
...# ##.###...........#
...# ##..........†....#
...# #................#
...####............#####
...............5†....#
...#####...#...h@###.#
...# #.........#...#
########.##........# #
###....#.##........#####
.......#...............#
.......#....>..........#
.......#...............#
.......................#
.......##.....)........#


You could see Natasha and a white imp.

Vanquished Creatures
  An orc wizard (D:3)
  Natasha (twice) (D:3)
  4 adders
  4 dart slugs
  3 leopard geckos (D:3)
  14 orcs (D:3)
  A ball python (D:2)
  8 bats
  3 giant cockroaches
  12 goblins
  7 hobgoblins
  6 frilled lizards
  10 kobolds
  7 rats
82 creatures vanquished.

Notes
Turn   | Place    | Note
-------+----------+-------------------------------------------
     0 | D:1      | frankcastle the Formicid Fighter began the quest for the
                  | Orb.
     0 | D:1      | Reached XP level 1. HP: 18/18 MP: 1/1
    70 | D:1      | Reached XP level 2. HP: 19/24 MP: 2/2
    89 | D:1      | Reached skill level 1 in Dodging
   255 | D:1      | Reached XP level 3. HP: 19/29 MP: 3/3
   357 | D:1      | Reached skill level 3 in Axes
   760 | D:2      | Reached XP level 4. HP: 20/35 MP: 4/4
  1160 | D:2      | Found a stormy altar of Qazlal.
  1231 | D:2      | Found a faded altar of an unknown god.
  1667 | D:2      | Reached skill level 4 in Axes
  1766 | D:3      | Reached XP level 5. HP: 21/41 MP: 5/5
  2173 | D:3      | Noticed Natasha
  2192 | D:3      | Killed Natasha
  2192 | D:3      | Reached skill level 5 in Axes
  2366 | D:3      | Reached XP level 6. HP: 45/47 MP: 6/6
  2417 | D:3      | Noticed Natasha
  2429 | D:3      | Killed Natasha
  2509 | D:3      | Noticed Natasha
  2518 | D:3      | HP: 1/47 [Natasha/wand of flame (1) (8)]
  2519 | D:3      | Killed from afar by Natasha

Skill      XL: |  1  2  3  4  5 |
---------------+----------------+-----
Dodging        | 1 2 |  2.1
Axes           | 3 4 5 |  5.3
Fighting       | |  3.2
Armour         | |  3.2
Shields        | |  3.6

Action                   |  1- 3 |  4- 6 || total
-------------------------+-------+-------++-------
Melee: War axe           |    98 |   162 ||   260
  Use: Potion            |       |     1 ||     1
  Eat: Chunk             |       |     5 ||     5
Armor: Scale mail        |    39 |    59 ||    98
Dodge: Dodged            |    31 |    54 ||    85
Block: Shield            |    55 |   117 ||   172
